 Dungeon Crawl Stone Soup version 0.30.1-9-gdf580d7c3d (webtiles) character file.

Game seed: 6369346876902340741

278 gohan83 the Destroyer (level 6, 0/32 HPs)
             Began as a Deep Elf Conjurer on Oct 3, 2023.
             Succumbed to a kobold brigand's curare-tipped dart
             ... in a sewer.
             The game lasted 00:12:54 (2748 turns).

gohan83 the Destroyer (Deep Elf Conjurer)           Turns: 2748, Time: 00:12:55

Health: 0/32       AC:  3    Str:  4    XL:     6   Next: 5%
Magic:  7/12       EV: 12    Int: 25    God:
Gold:   157        SH:  0    Dex: 13    Spells: 8/11 levels left

rFire   . . .        h - staff of cold
rCold   + . .        (no shield)
rNeg    . . .        a - +0 robe
rPois   .            (no helmet)
rElec   .            (no cloak)
rCorr   .            (no gloves)
SInv    .            f - +0 pair of boots
Will    .....        (no amulet)
Stlth   ++           (no ring)
HPRegen 0.25/turn    (no ring)
MPRegen 0.13/turn

%: no passive effects
@: lethally poisoned (0 -> -3), slowed, very slow
A: no striking features
a: no special abilities


You were in a sewer.
You visited 1 branch of the dungeon, and saw 4 of its levels.
You also visited: Sewer.

You collected 157 gold pieces.

Inventory:

Hand Weapons
 k - a +1 dagger of draining
 n - a +3 dagger
Missiles
 m - 5 poisoned darts
Armour
 a - a +0 robe (worn)
 f - a +0 pair of boots (worn)
Magical Staves
 h - a staff of cold (weapon)
Scrolls
 i - 2 scrolls of magic mapping {unknown}
 j - 2 scrolls of teleportation
 o - a scroll of fog {unknown}
 q - 3 scrolls of torment {unknown}
 s - a scroll of acquirement {unknown}
Potions
 b - a potion of magic
 c - a potion of resistance
 d - a potion of degeneration
 e - 3 potions of mutation
 g - a potion of haste
 l - a potion of cancellation {unknown}
 p - 2 potions of ambrosia {unknown}
 r - 2 potions of curing {unknown}


   Skills:
 - Level 2.4 Dodging
 - Level 2.4 Stealth
 - Level 3.0 Spellcasting
 * Level 8.1 Conjurations


You had 8 spell levels left.
You knew the following spells:

 Your Spells              Type           Power      Damage    Failure   Level
a - Magic Dart            Conj           100%       1d8       1%          1
b - Searing Ray           Conj           88%        2d7       1%          2

Your spell library contained the following spells:

 Spells                   Type           Power      Damage    Failure   Level
 Dazzling Flash           Conj/Hex       48%        N/A       6%          3
 Flame Wave               Conj/Fire      24%        2d8       19%         4
 Fulminant Prism          Conj/Hex       12%        3d9       19%         4
 Iskenderun's Mystic Bla  Conj/Tloc      24%        2d7       19%         4
 Sticky Flame             Conj/Fire      24%        2d5       19%         4
 Inner Flame              Hex/Fire       3%         N/A       30%         3
 Summon Forest            Summ/Tloc      1%         N/A       95%         5
 Eringya's Noxious Bog    Tmut/Pois      1%         N/A       100%        6
 Summon Hydra             Summ           1%         N/A       100%        7


Dungeon Overview and Level Annotations

Branches:
Dungeon (4/15) Zot: 21259   Sewer (1/1) Zot: 5958
 Temple: D:4-7

Altars:


Message History

Found a gate leading back out of this place.
There is an empty arch of ancient stone here.
You enter the shallow water.
Moving in this stuff is going to be slow.
You enter the shallow water.
Moving in this stuff is going to be slow.
You enter the shallow water.
Moving in this stuff is going to be slow.
You enter the shallow water.
Moving in this stuff is going to be slow.
You enter the shallow water.
Moving in this stuff is going to be slow.
A ball python and a kobold brigand come into view.
The kobold brigand is wielding a +0 dagger and quivering curare-tipped darts.
The kobold brigand shouts!
The magic dart hits the ball python!
You kill the ball python!
The magic dart hits the kobold brigand.
The magic dart hits the kobold brigand.
The magic dart hits the kobold brigand.
The magic dart hits the kobold brigand.
The kobold brigand throws a curare-tipped dart.
The curare-tipped dart hits you.
You are poisoned.
You have difficulty breathing.
You feel yourself slow down.
The magic dart hits the kobold brigand.
You feel very sick.
You are too injured to fight recklessly!
You are too injured to fight recklessly!
You feel very sick.
The kobold brigand splashes around in the water.
The kobold brigand hits you with a +0 dagger.
* * * LOW HITPOINT WARNING * * *
You hit the kobold brigand.
You feel sick. The kobold brigand barely misses you.
The kobold brigand hits you with a +0 dagger.
* * * LOW HITPOINT WARNING * * *
You closely miss the kobold brigand.
You die...

~.~~##~~~.# ~~..~.~~.#
.~.~..~~# .....~~~#
∩.~~~~~~# ...~~.~~#
..~...~~## #####
..~.~....## #####~~~~.#
...~##.~~~####~~@K~#
~.~####~~.~.~~~###.~~~.#
...# #.~~~~..~# #####
.~.~ ##..~..~~###.~~~
~~~~ #######~~~~~# ##~
#####~~~~ ##


You could see a kobold brigand.

Vanquished Creatures
  Sigmund (D:3)
  2 adders (D:3)
  3 river rats (D:4)
  2 worms (D:2)
  7 ball pythons
  2 bats
  3 endoplasms
  4 giant cockroaches
  10 goblins
  4 hobgoblins
  4 frilled lizards
  4 kobolds
  13 rats
59 creatures vanquished.

Notes
Turn   | Place    | Note
-------+----------+-------------------------------------------
     0 | D:1      | gohan83 the Deep Elf Conjurer began the quest for the Orb.
     0 | D:1      | Reached XP level 1. HP: 10/10 MP: 6/6
   276 | D:1      | Reached XP level 2. HP: 15/15 MP: 6/8
   547 | D:1      | Reached skill level 5 in Conjurations
   556 | D:1      | You fall into a shaft and drop 1 floor!
  1084 | D:1      | Found a faded altar of an unknown god.
  1198 | D:2      | Reached XP level 3. HP: 19/19 MP: 2/9
  1679 | D:3      | Learned a level 2 spell: Searing Ray
  1692 | D:3      | Noticed Sigmund
  1698 | D:3      | Killed Sigmund
  1699 | D:3      | Reached skill level 7 in Conjurations
  1699 | D:3      | Reached XP level 4. HP: 24/24 MP: 2/10
  1699 | D:3      | Reached XP level 5. HP: 28/28 MP: 2/11
  2596 | D:4      | Reached skill level 8 in Conjurations
  2627 | D:4      | Reached XP level 6. HP: 32/32 MP: 6/12
  2710 | D:4      | Found a glowing drain.
  2715 | Sewer    | Entered a sewer
  2748 | Sewer    | Succumbed to a kobold brigand's curare-tipped dart

Illustrated notes

Levels and vault maps discovered:
D:1:      beargit_arrival_greenhouse, layout_basic,
          shapermc_ecumenical_altar_petra
D:2:      layout_basic, nicolae_underground_beach
D:3:      kennysheep_big_flooded_room, layout_basic, uniq_sigmund
D:4:      layout_basic, nicolae_gozag_cash_rules_everything_around_me,
          minmay_temple_entry_junction, lightli_sewer_entry_pipes,
          nicolae_zen_rock_garden, kennysheep_nub
Sewer:    sewer_co_tree

Skill      XL: |  1  2  3  4  5 |
---------------+----------------+-----
Conjurations   | 5 7 8 |  8.1
Dodging        | |  2.4
Stealth        | |  2.4
Spellcasting   | |  3.0

Action                     |  1- 3 |  4- 6 || total
---------------------------+-------+-------++-------
  Melee: Unarmed           |    10 |       ||    10
         Staff             |     3 |     2 ||     5
   Cast: Magic Dart        |    70 |    46 ||   116
         Searing Ray       |     1 |       ||     1
    Use: Scroll            |     3 |     2 ||     5
 Armour: Robe              |     2 |       ||     2
  Dodge: Dodged            |    11 |     4 ||    15
